 Dungeon Crawl Stone Soup version 0.30.0-29-ga12c61a403 (webtiles) character file.

Game seed: 18303379941609738856

69 qw the Chopper (level 4, -2/28 HPs)
             Began as a Gargoyle Fighter on June 2, 2023.
             Slain by an iguana (11 damage)
             ... on level 3 of the Dungeon.
             The game lasted 00:00:48 (1459 turns).

qw the Chopper (Gargoyle Fighter)                   Turns: 1459, Time: 00:00:48

Health: -2/28      AC: 11    Str: 22    XL:     4   Next: 20%
Magic:  4/4        EV:  9    Int:  8    God:
Gold:   80         SH:  9    Dex:  9    Spells: 3/3 levels left

rFire   . . .        a - +0 war axe
rCold   . . .        c - +0 buckler
rNeg    + . .        b - +0 scale mail
rPois   inf          g - +0 helmet
rElec   +            (no cloak)
rCorr   .            (no gloves)
SInv    .            (no boots)
Will    .....        i - amulet of reflection Stlth
                     (no ring)
HPRegen 0.24/turn    (no ring)
MPRegen 0.09/turn

%: reflection
@: no status effects
A: sickness immunity, AC +3, negative energy resistance 1, electricity
resistance, torment resistance 1, petrification resistance
a: no special abilities


You were on level 3 of the Dungeon.
You visited 1 branch of the dungeon, and saw 3 of its levels.

You collected 80 gold pieces.


Innate Abilities, Weirdness & Mutations

You are immune to sickness and miasma.
Your stone body is resilient. (AC +3)
You are immune to poison.
You resist negative energy. (rN+)
You are resistant to electric shocks. (rElec)
You are resistant to unholy torment.
You are immune to petrification.


   Skills:
 - Level 3.2 Fighting
 + Level 4.0 Axes
 - Level 3.2 Armour
 - Level 3.2 Shields


You had 3 spell levels left.
You didn't know any spells.
Your spell library was empty.

Inventory:

Hand Weapons
 a - a +0 war axe (weapon)
 l - a +0 mace
Armour
 b - a +0 scale mail (worn)
 c - a +0 buckler (worn)
 g - a +0 helmet (worn)
Jewellery
 i - an amulet of reflection (around neck)
Scrolls
 e - a scroll of teleportation {unknown}
Potions
 d - a potion of might
 f - a potion of brilliance {unknown}
 h - a potion of attraction {unknown}
 j - a potion of curing {unknown}
 k - a potion of lignification {unknown}

Dungeon Overview and Level Annotations

Branches:
Dungeon (3/15)

Altars:


Message History

What level of the Dungeon? (default 1, ? - help)
There is an open door here.
There is a stone staircase leading down here.
You climb downwards.
The goblin shouts!
The kobold shouts!
Found a mace and a ring mail.
Found a stone staircase leading down.
There is a stone staircase leading up here.
There are monsters nearby!
Waypoint 2 assigned to D:3.
You slash the goblin!
You kill the goblin!
The kobold throws a poisoned dart.
The poisoned dart hits you! You block the kobold's attack.
You see here a +0 mace.
You barely miss the kobold. The kobold hits you but does no damage.
You slash the kobold!
You kill the kobold!
Your Axes skill increases to level 4!
l - a +0 mace
Things that are here:
a +0 club; 6 poisoned darts; a kobold corpse
1425 ||| DROPPING +0 club.
You drop a +0 club.
Found a stone staircase leading down.
Found a stone staircase leading down.
e - a scroll labelled QAONOH FEUCA An iguana comes into view.
The iguana hisses angrily.
You barely miss the iguana. You block the iguana's attack.
The iguana bites you!
You barely miss the iguana.
The iguana bites you but does no damage.
You barely miss the iguana. You block the iguana's attack.
The iguana bites you.
You hit the iguana.
The iguana is lightly wounded.
The iguana bites you!
You slash the iguana!
The iguana is heavily wounded.
The iguana bites you!
You die...

#. #. ######.#########
. #......<)>........ .
#######..#####..# ..
##)...#..# #...
#..#.#.#####...#
##.#.........###.
########...####@l......
#...#....[###...####...
#.....##.##>..### #
#....###.##.###....
#...>...........#
#...############# #...
#... #...


You could see an iguana.

Vanquished Creatures
  4 dart slugs (D:1)
  7 ball pythons
  3 bats
  6 endoplasms
  3 goblins
  6 hobgoblins
  8 jackals
  9 kobolds
  A quokka (D:2)
  3 frilled lizards
  5 rats
55 creatures vanquished.

Notes
Turn   | Place    | Note
-------+----------+-------------------------------------------
     0 | D:1      | qw the Gargoyle Fighter began the quest for the Orb.
     0 | D:1      | Reached XP level 1. HP: 14/14 MP: 1/1
     0 | D:1      | 0 ||| qw: Version: 0.2-a-102-gdf20003
     0 | D:1      | 0 ||| qw: Game counter: 945
     0 | D:1      | 0 ||| qw: Always use a shield: true
     0 | D:1      | 0 ||| qw: God list: Okawaru
     0 | D:1      | 0 ||| qw: Allow faded altars: false
     0 | D:1      | 0 ||| qw: Do Orc after D:15 true
     0 | D:1      | 0 ||| qw: Do second Lair branch before Depths: true
     0 | D:1      | 0 ||| qw: Lair rune preference: random
     0 | D:1      | 0 ||| qw: Plans: Normal, Zot:1-4, Slime:5, God:TSO, Crypt,
                  | Tomb, Pan, Hells, Abyss, Win
     0 | D:1      | 0 ||| PLANNING D:1-11
    29 | D:1      | 29 ||| Stepping ~*~*~tactically~*~*~ (hiding).
    38 | D:1      | Reached skill level 2 in Axes
   146 | D:1      | Reached XP level 2. HP: 19/19 MP: 2/2
   146 | D:1      | 146 ||| Stepping ~*~*~tactically~*~*~ (stealth).
   163 | D:1      | 163 ||| Stepping ~*~*~tactically~*~*~ (stealth).
   188 | D:1      | 188 ||| Stepping ~*~*~tactically~*~*~ (hiding).
   189 | D:1      | 189 ||| Stepping ~*~*~tactically~*~*~ (hiding).
   190 | D:1      | 190 ||| Stepping ~*~*~tactically~*~*~ (hiding).
   193 | D:1      | 193 ||| Stepping ~*~*~tactically~*~*~ (hiding).
   347 | D:1      | 347 ||| Stepping ~*~*~tactically~*~*~ (hiding).
   355 | D:1      | Reached skill level 3 in Axes
   376 | D:1      | 376 ||| Stepping ~*~*~tactically~*~*~ (hiding).
   377 | D:1      | 377 ||| Stepping ~*~*~tactically~*~*~ (hiding).
   380 | D:1      | 380 ||| Stepping ~*~*~tactically~*~*~ (hiding).
   387 | D:1      | Reached XP level 3. HP: 23/23 MP: 3/3
   642 | D:1      | 642 ||| Stepping ~*~*~tactically~*~*~ (stealth).
   770 | D:1      | 770 ||| Stepping ~*~*~tactically~*~*~ (stealth).
   885 | D:1      | 885 ||| UPGRADING to +0 helmet.
   890 | D:1      | 890 ||| UPGRADING to amulet of reflection.
   955 | D:2      | 955 ||| Stepping ~*~*~tactically~*~*~ (stealth).
  1229 | D:2      | Reached XP level 4. HP: 28/28 MP: 4/4
  1422 | D:3      | Reached skill level 4 in Axes
  1425 | D:3      | 1425 ||| DROPPING +0 club.
  1459 | D:3      | Slain by an iguana

Levels and vault maps discovered:
D:1:      minmay_arrival_nine_rooms, layout_basic
D:2:      layout_rooms, grunt_ministairs_14
D:3:      layout_rooms, serial_glass, glass_columns_b, glass_columns_a

Skill      XL: |  1  2  3  4 |
---------------+-------------+-----
Axes           | 2 3 4 |  4.0
Fighting       | |  3.2
Armour         | |  3.2
Shields        | |  3.2

Action                     |  1- 3 |  4- 6 || total
---------------------------+-------+-------++-------
  Melee: War axe           |    93 |    30 ||   123
  Throw: Boomerang         |     5 |     1 ||     6
 Armour: Scale mail        |    40 |     9 ||    49
  Dodge: Dodged            |    30 |    12 ||    42
  Block: Buckler           |    24 |    16 ||    40
         Reflection        |     3 |       ||     3

Table legend:
 A = Non-vault XP
 B = Vault XP
 C = Vault XP percentage of total XP
 D = Non-vault monster count
 E = Vault monster count
 F = Vault count percentage of total count
                 A         B        C        D         E       F
            +---------+---------+-------+---------+---------+-------
      Total |      89 |      10 |  10.1 |      50 |       5 |   9.1
            +---------+---------+-------+---------+---------+-------
        D:1 |      58 |       0 |   0.0 |      30 |       0 |   0.0
        D:2 |      28 |      10 |  26.3 |      18 |       5 |  21.7
        D:3 |       3 |       0 |   0.0 |       2 |       0 |   0.0
            +---------+---------+-------+---------+---------+-------
